 Dungeon Crawl Stone Soup version 0.25.1-2-g60ff931df9 (console) character file.

Game seed: 4814122920123874131

318 Colgate the Skirmisher (level 6, -2/100 HPs)
             Began as an Ogre Berserker on Aug 5, 2020.
             Was a Believer of Trog.
             Slain by a wight
             ... wielding a +4 spear
              (6 damage)
             ... on level 3 of the Dungeon.
             The game lasted 00:23:08 (3188 turns).

Colgate the Skirmisher (Ogre Berserker)             Turns: 3188, Time: 00:23:08

Health: -2/100     AC:  5    Str: 22    XL:     6   Next: 45%
Magic:  6/6        EV:  9    Int:  8    God:    Trog [**....]
Gold:   93         SH:  0    Dex:  6    Spells: 5/5 levels left

rFire    . . .     SeeInvis .   z - +0 morningstar
rCold    + . .     Gourm    .   (no shield)
rNeg     . . .     Faith    .   E - +1 robe {rC+}
rPois    .         Spirit   .   (helmet restricted)
rElec    .         Reflect  .   x - +0 cloak
rCorr    .         Harm     .   (gloves unavailable)
MR       .....                  (boots unavailable)
Stlth    ..........             (no amulet)
HPRegen  0.26/turn              m - -4 ring of dexterity (curse)
MPRegen  0.10/turn              y - ring of stealth

@: berserking, heavily drained, very quick
A: large, unfitting armour, tough skin 1
a: Berserk, Trog's Hand, Renounce Religion


You were on level 3 of the Dungeon.
You worshipped Trog.
Trog was pleased with you.
You were very hungry.

You visited 1 branch of the dungeon, and saw 3 of its levels.

You collected 93 gold pieces.

Inventory:

Hand Weapons
 a - a +0 mace
 z - a +0 morningstar (weapon)
Missiles
 g - 54 stones
 r - 3 atropa-tipped darts
 v - 8 boomerangs (quivered)
 A - 14 poisoned darts
Armour
 b - a +0 animal skin
 x - a +0 cloak (worn)
 E - a +1 robe of cold resistance (worn)
Jewellery
 f - an uncursed ring of protection from magic
 m - a cursed -4 ring of dexterity (left hand)
 s - an uncursed ring of protection from fire
 y - a ring of stealth (right hand)
Scrolls
 d - a scroll of immolation {unknown}
 h - 2 scrolls of remove curse {unknown}
 i - a scroll of enchant armour {unknown}
 p - 2 scrolls of identify {unknown}
 q - a scroll of fog {unknown}
 w - a scroll of magic mapping {unknown}
 C - a scroll of amnesia {unknown}
 D - a scroll of teleportation {unknown}
Potions
 e - a potion of cancellation {unknown}
 j - a potion of heal wounds {unknown}
 k - a potion of magic {unknown}
 l - a potion of ambrosia {unknown}
 n - a potion of stabbing {unknown}
 t - a potion of mutation {unknown}
 u - a potion of might {unknown}
 B - a potion of lignification {unknown}
Comestibles
 c - 3 rations
 o - 6 chunks of flesh


   Skills:
 - Level 6.0(4.3) Fighting
 - Level 3.1(1.5) Maces & Flails
 + Level 4.9(3.3) Throwing
 - Level 2.6(1.2) Dodging


You had 5 spell levels left.
You didn't know any spells.
Your spell library was empty.

Dungeon Overview and Level Annotations

Branches:
Dungeon (3/15)

Altars:
Okawaru


Innate Abilities, Weirdness & Mutations

You are too large for most types of armour.
You have tough skin. (AC +1)


Message History

Things that are here:
a cursed +0 vorpal trident; a +0 robe You closely miss the wight.
The wight is moderately damaged.
The wight hits you from afar with a +4 spear!
* * * LOW HITPOINT WARNING * * *
You feel drained.
* * * LOW HITPOINT WARNING * * *
The wight hits you with a +3 halberd!
* * * LOW HITPOINT WARNING * * *
You puncture the wight!
You destroy the wight!
Trog accepts your kill. The wight closely misses you.
You closely miss the wight.
The wight hits you with a cursed +0 dire flail.
* * * LOW HITPOINT WARNING * * *
You feel drained.
The wight hits you from afar with a +4 spear.
You die...

........#....###.......#
........#.##.# ##....÷##
).......#....####.....#
####+##.#......##.....#
#.##.#....#.##.....#
#.#.......#.##.....#
###.......#.#.########
#...#.....#.#.#
#.#.#.##....#.# #
#.#.####..###.#####....
#.........# #..@zz.....
####.####.########.#.###
+........÷..# #
#####.###.#.# #.....#.#
#..####.# #..# #.# #.<#
#.# #####..# #.#
.......# #.# ######.#
#.#


You could see 2 wights.

Vanquished Creatures
  2 wights (D:3)
  A crimson imp (D:3)
  A jelly (D:3)
  An orc priest (D:3)
  Jessica (D:3)
  5 adders
  2 oozes
  3 dart slugs
  3 leopard geckos
  6 orcs (D:3)
  3 bats
  4 giant cockroaches
  4 goblins
  6 hobgoblins
  4 jackals (D:1)
  5 kobolds
  4 frilled lizards
  4 rats
59 creatures vanquished.

Notes
Turn   | Place    | Note
-------+----------+-------------------------------------------
     0 | D:1      | Colgate the Ogre Berserker began the quest for the Orb.
     0 | D:1      | Reached XP level 1. HP: 24/24 MP: 1/1
   114 | D:1      | Reached XP level 2. HP: 21/33 MP: 2/2
   414 | D:1      | Reached skill level 5 in Fighting
   592 | D:1      | Reached XP level 3. HP: 40/42 MP: 3/3
  1597 | D:2      | Reached skill level 6 in Fighting
  1597 | D:2      | Reached XP level 4. HP: 42/52 MP: 4/4
  1766 | D:2      | Reached skill level 1 in Throwing
  1830 | D:2      | Reached ** piety under Trog
  2376 | D:3      | Found an iron altar of Okawaru.
  2427 | D:3      | Reached XP level 5. HP: 25/59 MP: 5/5
  3103 | D:3      | Noticed Jessica
  3122 | D:3      | Killed Jessica
  3122 | D:3      | Reached XP level 6. HP: 62/67 MP: 6/6
  3186 | D:3      | HP: 4/100 [wight/+3 halberd (11)]
  3188 | D:3      | Slain by a wight

Illustrated notes

Levels and vault maps discovered:
D:1:      moated_graveyard_arrival, layout_basic, serial_rivers,
          chequers_serial_rivers_room_b, chequers_serial_rivers_room_a,
          chequers_serial_rivers_small_3, chequers_serial_rivers_micro_c,
          chequers_serial_rivers_micro_a, chequers_serial_rivers_micro_a
D:2:      layout_loops_cross
D:3:      layout_basic, lemuel_round_altar, first_ration, uniq_jessica

Skill      XL: |  1  2  3  4  5 |
---------------+----------------+-----
Fighting       | 5 6 |  6.0
Maces & Flails | 3 |  3.1
Throwing       | 2 4 |  4.9
Dodging        | |  2.6

Action                   |  1- 3 |  4- 6 || total
-------------------------+-------+-------++-------
Melee: Mace              |    69 |    51 ||   120
       Morningstar       |       |    38 ||    38
Throw: Stone             |    15 |     2 ||    17
       Dart              |     9 |    74 ||    83
       Boomerang         |       |    20 ||    20
Invok: Berserk           |     1 |     2 ||     3
  Eat: Chunk             |     3 |     6 ||     9
Armor: Animal skin       |    26 |    25 ||    51
Dodge: Dodged            |    34 |    52 ||    86
